 Dungeon Crawl Stone Soup version 0.19.0-11-g3fc08b3 (webtiles) character file.

3917 Haldmier the Carver (level 10, -3/59 (60) HPs)
             Began as a High Elf Skald on Nov 10, 2016.
             Was an Initiate of Ashenzari.
             Shot with a sling bullet by Joseph (14 damage)
             ... on level 7 of the Dungeon.
             The game lasted 00:48:41 (9578 turns).

Haldmier the Carver (High Elf Skald)                Turns: 9578, Time: 00:48:41

HP:   -3/59 (60)    AC:  6    Str: 16    XL:     10   Next: 1%
MP:   10/17         EV: 13    Int: 17    God:    Ashenzari [......]
Gold: 211           SH:  0    Dex: 15    Spells: 5 memorised, 6 levels left

rFire  . . .     SeeInvis .     D - +0 long sword (flame) (curse)
rCold  . . .     Gourm    +     B - +0 leather armour (curse)
rNeg   . . .     Faith    .     (no shield)
rPois  .         Spirit   .     K - +0 helmet
rElec  .         Reflect  .     V - +0 cloak
rCorr  .         Harm     .     (no gloves)
MR     +....                    P - +0 pair of boots "Awiatoatat" {Str+2} (curse)
Stlth  +.........               i - amulet of the gourmand
                                q - ring of wizardry
                                f - ring of wizardry

@: shrouded, regenerating
A: no striking features
a: Curse Item, Renounce Religion


You were on level 7 of the Dungeon.
You worshipped Ashenzari.
Ashenzari was noncommittal.
You were full.

You visited 1 branch of the dungeon, and saw 7 of its levels.
You also visited: Sewer.

You collected 372 gold pieces.
You spent 161 gold pieces at shops.

Inventory:

Hand Weapons
 a - a +1 falchion of holy wrath
 b - a +2 hunting sling of velocity
 D - a cursed +0 long sword of flaming (weapon)
Missiles
 g - 172 stones (quivered)
 H - 53 sling bullets
 O - 7 tomahawks
Armour
 u - a +0 scale mail
 y - a +0 ring mail
 B - a cursed +0 leather armour (worn)
 K - a +0 helmet (worn)
 P - the cursed +0 pair of boots "Awiatoatat" (worn) {Str+2}
   (You found it on level 5 of the Dungeon)

   It affects your strength (+2).
   It has a curse placed upon it.
 V - a +0 cloak (worn)
Jewellery
 f - a ring of wizardry (left hand)
 i - an amulet of the gourmand (around neck)
 p - an uncursed ring of stealth
 q - a ring of wizardry (right hand)
Wands
 S - a wand of paralysis (5/24)
 U - a wand of polymorph (11/24)
 W - a wand of polymorph (9/24)
Scrolls
 e - 2 scrolls of magic mapping
 j - a scroll of recharging {unknown}
 n - 2 scrolls of noise {unknown}
 r - a scroll of immolation {unknown}
 t - a scroll of remove curse
 v - 2 scrolls of random uselessness {unknown}
 z - 3 scrolls of teleportation
 A - 2 scrolls of fog {unknown}
 E - a scroll of amnesia {unknown}
 M - 3 scrolls of identify
 Q - a scroll of blinking {unknown}
Potions
 h - a potion of degeneration {unknown}
 k - 5 potions of curing
 o - a potion of heal wounds
 s - a potion of lignification
 x - a potion of brilliance {unknown}
 F - a potion of might {unknown}
 I - 2 potions of flight
 L - a potion of agility
 N - 2 potions of ambrosia
 R - a potion of cancellation {unknown}
Books
 c - a book of Battle

   Spells                             Type                      Level
   a - Infusion                       Charms                       1
   b - Shroud of Golubria             Charms/Translocation         2
   c - Song of Slaying                Charms                       2
   d - Spectral Weapon                Hexes/Charms                 3
   e - Regeneration                   Charms/Necromancy            3
Miscellaneous
 l - a phantom mirror
Comestibles
 d - 8 bread rations
 m - 5 meat rations
 w - 2 beef jerkies
 C - a royal jelly
 G - 6 slices of pizza
 J - 4 fruits


   Skills:
 - Level 2.0 Fighting
 - Level 12.4 Long Blades
 - Level 0.8 Armour
 + Level 3.6 Dodging
 - Level 4.0 Spellcasting
 - Level 2.0 Hexes
 + Level 9.8 Charms
 - Level 2.1 Necromancy
 - Level 2.1 Translocations


You had 6 spell levels left.
You knew the following spells:

 Your Spells              Type           Power        Failure   Level  Hunger
a - Infusion              Chrm           ####         1%          1    None
b - Shroud of Golubria    Chrm/Tloc      ###.......   1%          2    ##.....
c - Spectral Weapon       Hex/Chrm       ###.....     2%          3    ###....
d - Regeneration          Chrm/Necr      ###.......   1%          3    ###....
e - Song of Slaying       Chrm           #####...     1%          2    ##.....


Dungeon Overview and Level Annotations

Branches:
Dungeon (7/15)
 Temple: D:4-7

Altars:
Ashenzari
Hepliaklqana
Kikubaaqudgha
Nemelex Xobeh
Vehumet
Jiyva

Shops:
D:4 (

Annotations:
D:1 Jivya + ring behind wall
D:5 Sealed room - access from below
D:6 exclusion: upstairs, dracos369's ghost, novice FeEn
D:7 Joseph


Message History

Your spectral weapon closely misses Joseph.
A bolt of cold appears from out of your range of vision.
The bolt of cold hits your spectral weapon.
Your spectral weapon resists.
Your spectral weapon shares its damage with you!
Casting: Regeneration
Confirm with . or Enter, or press ? or * to list all spells.
Space distorts slightly along a thin shroud covering your body.
Joseph hits you with an uncursed quarterstaff!
* * * LOW HITPOINT WARNING * * *
A bolt of cold appears from out of your range of vision.
The bolt of cold hits your spectral weapon.
Your spectral weapon resists.
Your spectral weapon shares its damage with you!
Your spectral weapon fades away.
* * * LOW HITPOINT WARNING * * *
Joseph unwields an uncursed quarterstaff.
Joseph wields an uncursed hunting sling.
Joseph shoots a sling bullet.
The sling bullet hits you!
You die...

..#.# #.# #...# #.##.#..##
#...# #.#......# #...# #.....
#.# #...# ##..###.# #...#
#...##.########
#...########.#.##.##.....#
...........#....#.##.....###..
...............<@.@...........
...........###.##.#e.8...8..#.
#...######## #.##.#..#...#..#
#.[.# #....#..#...# .# #...#
##...#..#...# #...#
#.#.#..#...# #...#
#.#.#..#...# #...###
#...#..#+++# ....>.#


You could see Joseph and a deep elf mage (wandering).

Vanquished Creatures
  The ghost of Philosophy the Quickloader, a novice CeHu of Okawaru (D:7)
  Pikel (D:7)
  A hungry ghost (D:7)
  A water moccasin (D:6)
  Duvessa (D:4)
  An ice beast (D:5)
  An orc warrior (D:6)
  A slave (D:7)
  2 necrophages
  A sky beast (D:7)
  An ogre (D:3)
  3 phantoms
  The ghost of Lluna the Sneak, an amateur SpAs (Sewer)
  5 bullfrogs
  Dowan (D:4)
  A water moccasin zombie (D:7)
  2 scorpions
  4 crimson imps
  2 jellies
  4 orc priests
  A bullfrog skeleton (D:5)
  2 hounds
  4 orc wizards
  2 iguanas
  5 worker ants
  A hell rat (D:6)
  A hound skeleton (D:4)
  A worker ant zombie (D:5)
  7 gnolls
  14 adders
  5 river rats (D:6)
  A shadow imp (D:6)
  2 oozes
  4 adder skeletons
  3 worms
  2 dart slugs
  10 leopard geckos
  23 orcs
  10 bats
  19 giant cockroaches
  10 goblins
  8 hobgoblins
  9 jackals
  7 quokkas
  10 frilled lizards
  8 kobolds
  31 rats
235 creatures vanquished.

Vanquished Creatures (others)
  A slave (D:7)
  3 spectral weapons
4 creatures vanquished.

Grand Total: 239 creatures vanquished

Notes
Turn   | Place    | Note
-------+----------+-------------------------------------------
     0 | D:1      | Haldmier the High Elf Skald began the quest for the Orb.
     0 | D:1      | Reached XP level 1. HP: 14/14 MP: 4/4
   248 | D:1      | Reached skill level 3 in Long Blades
   557 | D:1      | Found a viscous altar of Jiyva.
   557 | D:1      | Noticed a jelly
   557 | D:1      | Noticed a jelly
   557 | D:1      | Noticed a jelly
   557 | D:1      | Noticed a jelly
   557 | D:1      | Noticed a jelly
   557 | D:1      | Noticed a jelly
   559 | D:1      | Noticed a jelly
   559 | D:1      | Reached XP level 2. HP: 15/19 MP: 6/6
   610 | D:1      | Learned a level 2 spell: Shroud of Golubria
  1342 | D:1      | Reached skill level 1 in Translocations
  1342 | D:1      | Reached XP level 3. HP: 24/24 MP: 7/7
  1505 | D:1      | Reached skill level 4 in Long Blades
  2425 | D:2      | Reached XP level 4. HP: 18/29 MP: 8/8
  2522 | D:2      | Learned a level 3 spell: Spectral Weapon
  2961 | D:2      | Found a radiant altar of Vehumet.
  2961 | D:2      | Found an ancient bone altar of Kikubaaqudgha.
  3006 | D:2      | Found a hazy altar of Hepliaklqana.
  3165 | D:3      | Found a faded altar of an unknown god.
  3973 | D:3      | Reached skill level 5 in Long Blades
  4041 | D:3      | Reached skill level 1 in Hexes
  4041 | D:3      | Reached XP level 5. HP: 26/34 MP: 4/10
  4048 | D:3      | Learned a level 3 spell: Regeneration
  4654 | D:4      | Found Silucy's Antique Weapon Emporium.
  4663 | D:4      | Bought a glowing long sword for 161 gold pieces
  4740 | D:4      | Noticed Duvessa
  4788 | D:4      | Killed Duvessa
  4935 | D:4      | Reached XP level 6. HP: 38/39 MP: 7/11
  4978 | D:4      | Reached skill level 1 in Necromancy
  5319 | D:4      | Reached skill level 5 in Charms
  5330 | D:4      | You fall through a shaft for 3 floors!
  5406 | D:7      | Reached XP level 7. HP: 35/45 MP: 10/13
  5492 | D:7      | Noticed Joseph
  5510 | D:6      | Noticed dracos369's ghost (novice FeEn)
  5558 | D:6      | Reached skill level 6 in Long Blades
  5562 | D:6      | Found a shattered altar of Ashenzari.
  5615 | D:6      | Became a worshipper of Ashenzari the Shackled
  5687 | D:5      | Entered Level 5 of the Dungeon
  5687 | D:5      | Noticed a rust devil
  5687 | D:5      | Noticed a rust devil
  5808 | D:5      | Reached skill level 7 in Long Blades
  5897 | D:5      | Found a glowing drain.
  5921 | D:5      | Reached XP level 8. HP: 44/49 MP: 7/15
  5951 | Sewer    | Entered a sewer
  5951 | Sewer    | Noticed Lluna's ghost (amateur SpAs)
  5965 | Sewer    | Killed Lluna's ghost
  5965 | Sewer    | Reached skill level 8 in Long Blades
  6025 | Sewer    | Learned a level 2 spell: Song of Slaying
  6576 | D:5      | Reached skill level 9 in Long Blades
  6609 | D:5      | Got the cursed pair of boots "Awiatoatat" {Str+2}
  6624 | D:5      | Identified the cursed +0 pair of boots "Awiatoatat" {Str+2} (You found it on level 5 of the Dungeon)
  7142 | D:5      | Reached skill level 10 in Long Blades
  7490 | D:4      | Noticed Dowan
  7509 | D:4      | Killed Dowan
  7828 | D:5      | Reached XP level 9. HP: 54/54 MP: 16/16
  8468 | D:6      | Found a shattered altar of Ashenzari.
  8806 | D:6      | Reached skill level 11 in Long Blades
  8840 | D:6      | Found a sparkling altar of Nemelex Xobeh.
  9028 | D:6      | Reached * piety under Ashenzari
  9211 | D:7      | Noticed Pikel
  9228 | D:7      | Killed Pikel
  9259 | D:7      | Noticed Philosophy's ghost (novice CeHu)
  9295 | D:7      | Killed Philosophy's ghost
  9295 | D:7      | Reached skill level 12 in Long Blades
  9534 | D:7      | Reached XP level 10. HP: 45/59 MP: 17/17
  9578 | D:7      | Shot with a sling bullet by Joseph

Skill      XL: |  1  2  3  4  5  6  7  8  9 |
---------------+----------------------------+-----
Long Blades    | 3 4 5 7 10 12 | 12.4
Translocations | 1 2 |  2.1
Charms         | 4 5 6 7 9 |  9.8
Hexes          | 1 2 |  2.0
Spellcasting   | 3 4 |  4.0
Necromancy     | 1 2 |  2.1
Dodging        | 3 |  3.6
Fighting       | |  2.0
Armour         | |  0.8

Action                   |  1- 3 |  4- 6 |  7- 9 | 10-12 || total
-------------------------+-------+-------+-------+-------++-------
Melee: Falchion          |   149 |   168 |       |       ||   317
       Long sword        |       |    59 |   459 |     4 ||   522
 Fire: Hunting sling     |     4 |    11 |       |       ||    15
 Cast: Infusion          |    10 |    13 |     6 |       ||    29
       Shroud of Golubri |     5 |    15 |    21 |     1 ||    42
       Regeneration      |       |     4 |    29 |     2 ||    35
       Spectral Weapon   |       |     3 |    19 |     1 ||    23
Invok: Curse Item        |       |       |     1 |       ||     1
  Use: Potion            |     1 |       |     1 |       ||     2
       Scroll            |       |       |     6 |       ||     6
 Stab: Sleeping          |     3 |       |       |       ||     3
       Distracted        |       |     2 |     3 |       ||     5
  Eat: Chunk             |    15 |    11 |    22 |       ||    48
Armor: Leather armour    |    53 |     6 |   103 |     1 ||   163
       Scale mail        |       |    29 |       |       ||    29
       Ring mail         |       |    56 |       |       ||    56
Dodge: Dodged            |    88 |   113 |   206 |     2 ||   409
       Rpst.: Falchion   |    33 |    25 |       |       ||    58
       Long sword        |       |     9 |    67 |       ||    76
